cohdb
Replays
Latest Replays
All Replays
Popular Replays
Top Player Replays
Match Explorer
How It Works
Community
CoH3 Stats
Reddit
Sign in to upload your games and track your stats! →
Sign in with Steam
Match 46505144
Unlisted
Match 46505144
Overview
Messages
Build Orders
End
Construct Section Command Post
Vickers Machine Gun Team
Vickers Machine Gun Team
Construct Field Infirmary
Infantry Section
Infantry Section
Infantry Section
Construct Platoon Command Post
Infantry Training
Selects Air and Sea Battlegroup
Selects Commando Section Paradrop
Selects M1 Pack Howitzer Paradrop
M1 Pack Howitzer Paradrop
Commando Section Paradrop
Grenade Package
Herr Blautier
TBoR
EPHX_Valkyrion
E.King
AVEAR_PL[IMPERIALIS_GAMING
Cezar [IMPERIALIS_GAMING]
Demogorgon
Zmasowany
0
0
Comments
sign in to comment!
No comments posted yet!